 Dungeon Crawl Stone Soup version 0.18.1-50-g88ac8fd (webtiles) character file.

74 Gargoyl the Skirmisher (level 4, -1/36 HPs)
             Began as a Demonspawn Abyssal Knight on Sept 27, 2016.
             Was a Believer of Lugonu.
             Slain by an iguana (9 damage)
             ... on level 4 of the Dungeon.
             The game lasted 00:05:40 (1988 turns).

Gargoyl the Skirmisher (Demonspawn Abyssal Knight)  Turns: 1988, Time: 00:05:40

Health: -1/36      AC:  9    Str: 13    XL:     4   Next: 10%
Magic:  6/6        EV:  5    Int: 13    God:    Lugonu [**....]
Gold:   100        SH:  0    Dex: 13    Spells: 0 memorised, 3 levels left

rFire  . . .     SeeInvis .     a - +1 hand axe
rCold  . . .     Gourm    .     p - +0 chain mail
rNeg   . . .     Faith    +     (no shield)
rPois  .         Spirit   .     m - +0 helmet
rElec  .         Dismiss  .     (no cloak)
rCorr  .         Reflect  .     (no gloves)
SustAt .         Harm     .     (no boots)
MR     .....                    j - amulet of faith
Stlth  ..........               (no ring)
                                (no ring)

@: heavily drained, not resistant to hostile enchantments, extremely unstealthy
A: claws 1
a: Depart the Abyss, Bend Space, Renounce Religion


You were on level 4 of the Dungeon.
You worshipped Lugonu.
Lugonu was pleased with you.
You were not hungry.

You visited 1 branch of the dungeon, and saw 4 of its levels.
You visited the Abyss 1 time.

You collected 100 gold pieces.

Inventory:

Hand Weapons
 a - a +1 hand axe (weapon)
Armour
 m - a +0 helmet (worn)
 p - a +0 chain mail (worn)
Jewellery
 j - an amulet of faith (around neck)
Wands
 e - a wand of slowing (20/48)
Scrolls
 b - 2 scrolls of teleportation {unknown}
 d - a scroll of identify
 g - a scroll of remove curse {unknown}
 h - a scroll of random uselessness {unknown}
 i - a scroll of fear {unknown}
 q - a scroll of amnesia {unknown}
Potions
 l - a potion of brilliance
Comestibles
 c - 2 bread rations
 f - a meat ration


   Skills:
 + Level 3.6(1.6) Fighting
 + Level 2.1(0.2) Axes
 * Level 2.9(0.9) Armour
 + Level 1.2(0.0) Dodging
 * Level 2.9(1.0) Invocations


You had 3 spell levels left.
You didn't know any spells.

Dungeon Overview and Level Annotations

Branches:
Dungeon (4/15)
 Temple: D:4-7

Altars:
Makhleb
Trog

Annotations:
D:3 Apert's ghost, amateur HOFi


Innate Abilities, Weirdness & Mutations

You have sharp fingernails.


Message History

k - a chunk of flesh Eat a chunk of flesh? (ye/n/q/i?) This raw flesh tastes terrible.
You continue eating. x2
There is a stone staircase leading up here.
An iguana comes into view.
The iguana hisses angrily.
Found a scroll labeled YPHO HIDDIMPA.
The iguana bites you.
* * * LOW HITPOINT WARNING * * *
You hit the iguana.
The iguana is moderately wounded.
The iguana bites you but does no damage.
You closely miss the iguana.
The iguana is moderately wounded.
The iguana bites you but does no damage.
You barely miss the iguana.
The iguana is moderately wounded.
The iguana bites you!
You die...

#.# #..#
#####.###..#######
###.................
#....<..)<...####...
#.#.###..........
#....##..########
..........#
###........#
#.....#@.#
##...##l.# #.#.#
#..# ?... ...# #.#
##.# #. .# .# .#


You could see an iguana.

Vanquished Creatures
  2 adders
  An ooze (D:2)
  A worm (D:3)
  2 giant geckos (D:2)
  5 orcs
  3 ball pythons
  2 giant cockroaches (D:1)
  6 hobgoblins
  2 jackals (D:4)
  A kobold (D:1)
  2 quokkas (D:2)
  4 bats
  4 giant newts (D:1)
  2 goblins
  6 rats
43 creatures vanquished.

Notes
Turn   | Place    | Note
--------------------------------------------------------------
     0 | Abyss:1  | Gargoyl the Demonspawn Abyssal Knight began the quest for the Orb.
     0 | Abyss:1  | Reached XP level 1. HP: 18/18 MP: 2/2
   110 | Abyss:1  | Noticed a raiju
   110 | Abyss:1  | Noticed a great orb of eyes
   111 | D:1      | Escaped the Abyss
   295 | D:1      | Reached skill level 1 in Dodging
   295 | D:1      | Gained mutation: You have sharp fingernails. [demonic ancestry]
   295 | D:1      | Reached XP level 2. HP: 24/24 MP: 3/3
   561 | D:1      | Reached * piety under Lugonu
  1097 | D:2      | Reached XP level 3. HP: 19/29 MP: 5/5
  1160 | D:2      | Found a bloodstained altar of Trog.
  1286 | D:2      | Found a faded altar to an unknown god.
  1572 | D:3      | Found a burning altar of Makhleb.
  1655 | D:3      | Reached ** piety under Lugonu
  1655 | D:3      | Reached XP level 4. HP: 14/35 MP: 6/6
  1856 | D:3      | Noticed Apert's ghost (amateur HOFi)
  1988 | D:4      | Slain by an iguana

Skill      XL: |  1  2  3 |
---------------+----------+-----
Dodging        | 1 |  1.2
Armour         | 2 |  2.9
Axes           | 2 |  2.1
Fighting       | |  3.6
Invocations    | |  2.9

Action                   |  1- 3 |  4- 6 || total
-------------------------+-------+-------++-------
Melee: Hand axe          |   143 |    64 ||   207
Invok: Depart the Abyss  |     1 |       ||     1
  Use: Scroll            |     1 |       ||     1
       Potion            |       |     4 ||     4
  Eat: Chunk             |     3 |     1 ||     4
Armor: Ring mail         |    40 |       ||    40
       Chain mail        |    44 |    16 ||    60
       Skin              |       |    25 ||    25
Dodge: Dodged            |    78 |    11 ||    89
